 Dungeon Crawl Stone Soup version 0.27-a0-1557-g57f10a385c (webtiles) character file.

Game seed: 1854929116081228511

10121 bjtr the Fighter (level 11, -1/86 HPs)
             Began as a Demonspawn Hedge Wizard on July 16, 2021.
             Was an Elder of Vehumet.
             Slain by Harold (5 damage)
             ... on level 11 of the Dungeon.
             The game lasted 01:06:59 (18353 turns).

bjtr the Fighter (Demonspawn Hedge Wizard)         Turns: 18353, Time: 01:06:59

Health: -1/86      AC:  9    Str: 11    XL:     11   Next: 32%
Magic:  19/21      EV: 11    Int: 16    God:    Vehumet [****..]
Gold:   465        SH:  0    Dex: 12    Spells: 10/24 levels left

rFire    + . .     SeeInvis +   a - +4 flail (protect)
rCold    . . .     Faith    .   n - +0 buckler of Objectivity {rElec Int-5 SInv}
rNeg     . . .     Spirit   .   Y - +0 steam dragon scales
rPois    .         Reflect  .   p - +1 helmet
rElec    +         Harm     .   E - +0 cloak
rCorr    .         Rampage  .   (no gloves)
Will     .....                  (boots unavailable)
Stlth    +++.......             (no amulet)
HPRegen  0.24/turn              i - +4 ring of evasion
MPRegen  0.17/turn              r - ring of protection from fire

@: held
A: claws 2, talons 3, spiny 2, clever 1, screaming 1, wild magic 1
a: Renounce Religion


You were on level 11 of the Dungeon.
You worshipped Vehumet.
Vehumet was greatly pleased with you.
You visited 1 branch of the dungeon, and saw 11 of its levels.
You also visited: Sewer and Ossuary.

You collected 626 gold pieces.
You spent 161 gold pieces at shops.

Inventory:

Hand Weapons
 a - a +4 flail of protection (weapon)
 b - a +1 hand crossbow of freezing
 D - a +4 quarterstaff of chaos
 H - a +3 short sword
 O - a +0 spectral hand axe
 T - a +0 scimitar
 X - a +0 triple sword
Missiles
 d - 11 atropa-tipped darts (quivered)
 g - 50 poisoned darts
 l - 12 boomerangs
 x - 2 curare-tipped darts
 N - 62 bolts
Armour
 n - the +0 buckler of Objectivity (worn) {rElec Int-5 SInv}
   (You found it on level 4 of the Dungeon)

   Int:       It affects your intelligence (-5).
   rElec:     It insulates you from electricity.
   SInv:      It lets you see invisible.
 p - a +1 helmet (worn)
 A - a scarf of shadows
 E - a +0 cloak (worn)
 G - the +1 leather armour of Pixeomes {rPois Str+4}
   (You bought it in a shop on level 10 of the Dungeon)

   Str:       It affects your strength (+4).
   rPois:     It protects you from poison.
 Q - a +2 robe of positive energy
 Y - +0 steam dragon scales (worn)
Magical Staves
 q - a staff of death
Jewellery
 e - a ring of flight
 i - a +4 ring of evasion (left claw)
 j - a ring of protection from fire
 r - a ring of protection from fire (right claw)
 J - a +6 ring of intelligence
 W - a ring of magical power
 Z - a +6 ring of intelligence
Wands
 c - a wand of charming (11)
 s - a wand of iceblast (15)
 M - a wand of paralysis (4)
 U - a wand of acid (7)
 V - a wand of polymorph (9)
Scrolls
 h - a scroll of identify
 k - a scroll of enchant weapon
 y - 2 scrolls of blinking
 z - 3 scrolls of teleportation
 F - 2 scrolls of amnesia
Potions
 f - a potion of haste
 m - 7 potions of curing
 o - 2 potions of magic
 u - 4 potions of flight
 v - 4 potions of invisibility
 w - 6 potions of might
 I - 2 potions of heal wounds
 R - 2 potions of brilliance


   Skills:
 * Level 8.2 Fighting
 + Level 5.0 Armour
 + Level 6.3 Dodging
 + Level 4.7 Stealth
 * Level 5.8 Shields
 + Level 7.2 Spellcasting
 * Level 6.6 Conjurations
 + Level 0.8 Hexes
 + Level 3.7 Summonings
 + Level 1.2 Translocations
 + Level 0.2 Ice Magic
 + Level 0.9 Air Magic
 + Level 1.0 Evocations


You had 10 spell levels left.
You knew the following spells:

 Your Spells              Type           Power      Damage    Failure   Level
a - Magic Dart            Conj           100%       1d8       1%          1
b - Call Imp              Summ           23%        N/A       7%          2
c - Blink                 Tloc           N/A        N/A       16%         2
d - Mephitic Cloud        Conj/Pois/Air  17%        N/A       5%          3
e - Corona                Hex            11%        N/A       13%         1
f - Shock                 Conj/Air       92%        1d8       1%          1
g - Hailstorm             Conj/Ice       21%        3d6       11%         4

Your spell library contained the following spells:

 Spells                   Type           Power      Damage    Failure   Level
 Yara's Violent Unravell  Hex/Tmut       4%         3d4       61%         5
 Summon Small Mammal      Summ           92%        N/A       4%          1
 Conjure Flame            Conj/Fire      21%        6-21      4%          3
 Apportation              Tloc           24%        N/A       12%         1
 Animate Skeleton         Necr           14%        N/A       17%         1
 Slow                     Hex            10%        N/A       19%         2
 Gell's Gravitas          Tloc           6%         N/A       30%         3
 Lesser Beckoning         Tloc           6%         N/A       30%         3
 Teleport Other           Tloc           12%        N/A       30%         3
 Ozocubu's Armour         Ice            8%         N/A       41%         3
 Ozocubu's Refrigeration  Ice            4%         4d5       100%        7


Dungeon Overview and Level Annotations

Branches:
Dungeon (11/15)            Temple (0/1) D:6           Sewer (visited)
Ossuary (visited)
   Lair: D:8-11         Orc: D:9-12

Altars:
Ashenzari
Cheibriados
Dithmenos
Fedhas
Makhleb
Nemelex Xobeh
Okawaru
Sif Muna
Trog
Vehumet
Yredelemnul

Shops:
D:6 (   D:10 [

Portals:
Trove: D:10 (give +6 demon whip)

Annotations:
D:11 Harold


Innate Abilities, Weirdness & Mutations

You have very sharp fingernails.
You have claws for feet.
You are mostly covered in sharp spines.
Your mind is acute. (Int +2)
You occasionally shout uncontrollably at your foes.
Your spells are a little harder to cast, but a little more powerful.


Message History

Aim: Harold, wielding a +2 vorpal long sword, wearing a +3 chain mail of cold resistance and quivering a throwing net (heavily wounded, chance to affect: 58%)
The ball explodes into a vile cloud!
The stinking cloud engulfs Harold but does no damage.
Harold is heavily wounded.
Harold is engulfed in noxious fumes.
Harold throws a throwing net.
The throwing net hits you.
You become entangled in the net!
Unknown command.
Your +4 flail of protection goes still.
Your +1 hand crossbow of freezing is covered in frost.
b - a +1 hand crossbow of freezing (weapon)
You cannot shoot with your hand crossbow while held in a net.
Your +1 hand crossbow of freezing stops glowing.
Your +4 flail of protection hums with potential!
a - a +4 flail of protection (weapon)
Harold is engulfed in noxious fumes.
Harold appears confused.
Casting: Mephitic Cloud (dangerous; 5% risk of failure)
Confirm with . or Enter, or press ? or * to list all spells.
Casting: Hailstorm (dangerous; 11% risk of failure)
Press: ? - help, Dir - look around, f - activate A cannonade of hail descends around you!
The hail pelts Harold.
Harold partially resists.
Harold is severely wounded.
Harold is engulfed in noxious fumes.
Harold gestures wildly.
Magic courses through your body.
Harold is engulfed in noxious fumes.
Harold appears confused.
Casting: Hailstorm (dangerous; 11% risk of failure)
Confirm with . or Enter, or press ? or * to list all spells.
Aiming: Mephitic Cloud (dangerous; 5% risk of failure)
Press: ? - help, Shift-Dir - straight line, f - Harold
Aim: Harold, wielding a +2 vorpal long sword and wearing a +3 chain mail of cold resistance (severely wounded, confused, chance to affect: 58%)
The ball explodes into a vile cloud!
The stinking cloud engulfs Harold but does no damage.
Harold is severely wounded.
Harold is engulfed in noxious fumes.
Harold appears confused.
You struggle against the net.
You struggle against the net.
Harold hits you with a +2 vorpal long sword!
* * * LOW HITPOINT WARNING * * *
You die...

### ..# #.# #.#
##+#######
####.#####........#
......##.)(...°°..#
......#.o#...°☼○@.+
......#.##....☼.@.#
........##........#
......####........#
......# #........#
....o.# #........#
......# #........#
####### ##'#######
.# #..#####


You could see Harold (confused).

Vanquished Creatures
  A cyclops (D:8)
  An ugly thing (D:8)
  2 kobold demonologists (D:10)
  2 unseen horrors
  A vampire (D:9)
  3 wyverns
  19 yaks
  A steam dragon (D:9)
  6 vampire mosquitoes
  5 orc warriors
  2 ice beasts
  A black bear (D:6)
  A sky beast (D:6)
  An ogre (D:6)
  3 centaurs
  6 kobold brigands
  A bullfrog (D:7)
  3 scorpions
  A water moccasin skeleton (D:7)
  10 killer bees
  4 wights (D:6)
  4 centaur zombies
  2 hounds (D:6)
  5 orc priests
  Crazy Yiuf (D:4)
  2 centaur skeletons
  5 jellies
  3 iguanas
  8 orc wizards
  Natasha (thrice) (D:4)
  A killer bee zombie (D:5)
  2 ogre zombies (Ossuary)
  A hound skeleton (D:4)
  4 mummies (Ossuary)
  A howler monkey zombie (D:5)
  5 gnolls
  9 adders
  7 river rats (Sewer)
  A white imp (D:7)
  2 worms
  An adder skeleton (D:4)
  4 adder zombies (Ossuary)
  A dart slug (D:3)
  29 orcs
  10 ball pythons
  6 endoplasms
  8 giant cockroaches
  A gnoll zombie (Ossuary)
  8 goblins
  4 hobgoblins
  12 jackals
  31 kobolds
  4 quokkas
  3 bats
  6 frilled lizards
  5 goblin zombies (Ossuary)
  3 hobgoblin zombies (Ossuary)
  5 kobold zombies (Ossuary)
  An orc zombie (Ossuary)
  2 quokka zombies (Ossuary)
  22 rats
  4 rat zombies (Ossuary)
310 creatures vanquished.

Vanquished Creatures (collateral kills)
  Menkaure (Ossuary)
  Edmund (D:4)
  A scorpion (D:6)
  A troll zombie (Ossuary)
  An iguana (D:4)
  An orc wizard (D:9)
  2 mummies (Ossuary)
  2 gnolls (D:4)
  3 adders (D:3)
  An orc (D:3)
  A goblin (D:3)
  A hobgoblin (D:3)
  A frilled lizard (D:3)
17 creatures vanquished.

Vanquished Creatures (others)
  4 demonic plants (D:1)
  38 plants (D:11)
  A withered plant (D:1)
43 creatures vanquished.

Grand Total: 370 creatures vanquished

Notes
Turn   | Place    | Note
-------+----------+-------------------------------------------
     0 | D:1      | bjtr the Demonspawn Hedge Wizard began the quest for the
                  | Orb.
     0 | D:1      | Reached XP level 1. HP: 13/13 MP: 4/4
   271 | D:1      | Gained mutation: You have sharp toenails. [demonic
                  | ancestry]
   271 | D:1      | Reached XP level 2. HP: 19/19 MP: 1/6
   600 | D:1      | Found a faded altar of an unknown god.
  1044 | D:2      | Reached XP level 3. HP: 16/24 MP: 8/8
  1052 | D:2      | Learned a level 2 spell: Call Imp
  1055 | D:2      | Learned a level 2 spell: Blink
  1059 | D:2      | Learned a level 3 spell: Mephitic Cloud
  1163 | D:2      | Learned a level 1 spell: Corona
  1304 | D:2      | Reached skill level 1 in Armour
  1807 | D:2      | Gained mutation: You have razor-sharp toenails. [demonic
                  | ancestry]
  1807 | D:2      | Reached XP level 4. HP: 11/31 MP: 3/9
  2037 | D:2      | HP: 1/31 [poisoned by an adder]
  2875 | D:3      | Reached skill level 1 in Fighting
  3104 | D:3      | Noticed a scorpion
  3804 | D:3      | Reached XP level 5. HP: 37/37 MP: 5/11
  3872 | D:3      | Found an iron altar of Okawaru.
  3876 | D:3      | Found a burning altar of Makhleb.
  4361 | D:3      | Found a radiant altar of Vehumet.
  4365 | D:3      | Found a basalt altar of Yredelemnul.
  4366 | D:3      | Found a shimmering blue altar of Sif Muna.
  4381 | D:3      | Became a worshipper of Vehumet
  4543 | D:4      | Identified the +0 buckler of Objectivity {rElec Int-5 SInv}
  4703 | D:4      | Found a sparkling altar of Nemelex Xobeh.
  4715 | D:4      | Found a sand-covered staircase.
  4729 | D:4      | Noticed Edmund
  4742 | D:4      | Killed Edmund
  4743 | D:4      | Reached skill level 1 in Translocations
  4743 | D:4      | Gained mutation: You are partially covered in sharp spines.
                  | [demonic ancestry]
  4743 | D:4      | Reached XP level 6. HP: 19/44 MP: 1/13
  4909 | Ossuary  | Entered an ossuary
  4949 | Ossuary  | Reached skill level 2 in Fighting
  5588 | Ossuary  | Reached * piety under Vehumet
  5588 | Ossuary  | Offered knowledge of Shock by Vehumet.
  5837 | Ossuary  | Reached skill level 5 in Spellcasting
  5934 | Ossuary  | Noticed Menkaure
  5938 | Ossuary  | Learned a level 1 spell: Shock
  6268 | Ossuary  | Killed Menkaure
  6269 | Ossuary  | Gained mutation: You have claws for feet. [demonic
                  | ancestry]
  6269 | Ossuary  | Reached XP level 7. HP: 51/51 MP: 4/14
  6380 | D:4      | Found a snail-covered altar of Cheibriados.
  6384 | D:4      | Noticed Natasha
  6398 | D:4      | Killed Natasha
  6594 | D:4      | You are sucked into a shaft and drop 1 floor!
  6594 | D:5      | Entered Level 5 of the Dungeon
  6600 | D:5      | Reached skill level 3 in Fighting
  6686 | D:4      | Noticed Natasha
  6691 | D:4      | Killed Natasha
  7394 | D:4      | Noticed Natasha
  7436 | D:4      | Killed Natasha
  7476 | D:4      | Found a runed translucent door.
  7477 | D:4      | Noticed Crazy Yiuf
  7542 | D:4      | Killed Crazy Yiuf
  8052 | D:5      | Gained mutation: You are mostly covered in sharp spines.
                  | [demonic ancestry]
  8052 | D:5      | Reached XP level 8. HP: 45/60 MP: 15/17
  8176 | D:5      | Found a broken altar of Ashenzari.
  8177 | D:5      | Reached ** piety under Vehumet
  8177 | D:5      | Offered knowledge of Freeze by Vehumet.
  8357 | D:5      | Found a bloodstained altar of Trog.
  8580 | D:6      | Reached skill level 4 in Fighting
  8770 | D:6      | Found a glowing drain.
  8788 | Sewer    | Entered a sewer
  8940 | Sewer    | Offered knowledge of Poisonous Vapours by Vehumet.
  9007 | Sewer    | Reached *** piety under Vehumet
  9067 | Sewer    | Reached skill level 1 in Shields
  9648 | D:6      | Found a blossoming altar of Fedhas.
  9787 | D:6      | Offered knowledge of Hailstorm by Vehumet.
  9809 | D:6      | Learned a level 4 spell: Hailstorm
  9944 | D:6      | Gained mutation: You have sharp fingernails. [demonic
                  | ancestry]
  9944 | D:6      | Reached XP level 9. HP: 32/60 MP: 16/18
 10839 | D:6      | Found a staircase to the Ecumenical Temple.
 10870 | D:6      | Found Lolaem's Weapon Boutique.
 10985 | D:6      | Reached skill level 5 in Fighting
 13221 | D:8      | Found a shadowy altar of Dithmenos.
 13245 | D:8      | Noticed a red ugly thing
 13291 | D:8      | Reached **** piety under Vehumet
 13364 | D:8      | Offered knowledge of Yara's Violent Unravelling by Vehumet.
 13365 | D:8      | Reached skill level 5 in Conjurations
 13372 | D:8      | Reached skill level 6 in Fighting
 13376 | D:8      | Gained mutation: You have very sharp fingernails. [demonic
                  | ancestry]
 13376 | D:8      | Reached XP level 10. HP: 72/76 MP: 20/20
 13543 | D:8      | Reached skill level 5 in Dodging
 13838 | D:8      | Killed a red ugly thing
 14141 | D:8      | Reached skill level 5 in Armour
 14239 | D:8      | Noticed a cyclops
 14836 | D:8      | Killed a cyclops
 15842 | D:9      | Reached skill level 7 in Fighting
 16137 | D:9      | Reached skill level 5 in Shields
 16170 | D:9      | Reached skill level 1 in Evocations
 16177 | D:9      | Reached XP level 11. HP: 46/84 MP: 21/21
 16688 | D:9      | Gained mutation: You do not regenerate when monsters are
                  | visible. [potion of mutation]
 16688 | D:9      | Gained mutation: Armour fits poorly on your strangely
                  | shaped body. [potion of mutation]
 16689 | D:9      | Lost mutation: Armour fits poorly on your strangely shaped
                  | body. [potion of mutation]
 16689 | D:9      | Lost mutation: You do not regenerate when monsters are
                  | visible. [potion of mutation]
 16689 | D:9      | Gained mutation: Your magical capacity is low. (-10% MP)
                  | [potion of mutation]
 16689 | D:9      | Gained mutation: You tend to lose your temper in combat.
                  | [potion of mutation]
 16689 | D:9      | Gained mutation: Your spells are a little easier to cast,
                  | but a little less powerful. [potion of mutation]
 16690 | D:9      | Lost mutation: You tend to lose your temper in combat.
                  | [potion of mutation]
 16690 | D:9      | Lost mutation: Your spells are a little easier to cast, but
                  | a little less powerful. [potion of mutation]
 16690 | D:9      | Gained mutation: You occasionally shout uncontrollably at
                  | your foes. [potion of mutation]
 16690 | D:9      | Gained mutation: Your mind is acute. (Int +2) [potion of
                  | mutation]
 16690 | D:9      | Lost mutation: Your magical capacity is low. (-10% MP)
                  | [potion of mutation]
 16690 | D:9      | Gained mutation: Your spells are a little harder to cast,
                  | but a little more powerful. [potion of mutation]
 16745 | D:10     | Entered Level 10 of the Dungeon
 17541 | D:10     | Found Luatecut's Antique Armour Boutique.
 17561 | D:10     | Bought a sapphire-encrusted leather armour for 161 gold
                  | pieces
 17561 | D:10     | Identified the +1 leather armour of Pixeomes {rPois Str+4}
                  | (You bought it in a shop on level 10 of the Dungeon)
 17628 | D:10     | Found a portal to a secret trove of treasure.
 17750 | D:10     | Reached skill level 8 in Fighting
 18303 | D:11     | Noticed Harold
 18353 | D:11     | HP: 4/86 [Harold (16)]
 18353 | D:11     | Slain by Harold

Illustrated notes

Levels and vault maps discovered:
D:1:      eino_arrival_water_cross, layout_basic, shapermc_ecumenical_altar_gd
D:2:      layout_loops_ring
D:3:      layout_basic, minitemple, chequers_temple_overflow_statue_of_worship
D:4:      layout_cave_pools, nemelex_dance_club_becter, slow_altar_1,
          nicolae_ossuary_entry_monument, hangedman_decor_slide_cut,
          uniq_crazy_yiuf_cottage, uniq_edmund, uniq_natasha
D:5:      layout_basic, evilmike_ruin_ashenzari, old_standard_altar
D:6:      layout_basic, fedhas_altar_3, temple_hall, serial_shops,
          nicolae_stop_n_shop_2, portal_sewer_entry_f
D:7:      layout_loops_corners
D:8:      layout_basic, nicolae_dithmenos_shadow_blocks,
          minmay_sticks_and_stones
D:9:      layout_basic
D:10:     layout_gridville, serial_shops, shop, nicolae_trove_entry_diagonal,
          small_statue_alley_a
D:11:     layout_roguey, david_lair_shrubbed, orc_0_dummy,
          minmay_misc_feat_five, uniq_nergalle, uniq_harold

Skill      XL: |  1  2  3  4  5  6  7  8  9 10 11 |
---------------+----------------------------------+-----
Armour         | 1 2 4 5 |  5.0
Dodging        | 2 3 4 6 |  6.3
Stealth        | 2 3 4 |  4.7
Spellcasting   | 4 5 6 7 |  7.2
Fighting       | 1 2 3 4 6 7 8 |  8.2
Conjurations   | 2 3 4 5 6 |  6.6
Translocations | 1 |  1.2
Summonings     | 2 3 |  3.7
Shields        | 1 3 5 |  5.8
Evocations     | 1 |  1.0
Hexes          | |  0.8
Ice Magic      | |  0.2
Air Magic      | |  0.9

Action                   |  1- 3 |  4- 6 |  7- 9 | 10-12 || total
-------------------------+-------+-------+-------+-------++-------
Melee: Dagger            |    34 |       |       |       ||    34
       Mace              |    47 |    33 |       |       ||    80
       Kick              |    14 |    22 |    63 |    51 ||   150
       Hand axe          |       |    54 |       |       ||    54
       Flail             |       |    63 |   293 |   219 ||   575
Throw: Boomerang         |       |    10 |       |       ||    10
       Dart              |       |       |       |     9 ||     9
 Cast: Magic Dart        |    38 |     6 |     8 |       ||    52
       Call Imp          |       |    50 |     9 |    11 ||    70
       Blink             |       |     3 |       |     4 ||     7
       Mephitic Cloud    |       |     2 |     1 |     8 ||    11
       Shock             |       |     2 |    10 |     3 ||    15
       Corona            |       |       |     2 |     1 ||     3
       Hailstorm         |       |       |     1 |     3 ||     4
Evoke: Wand              |       |       |       |     5 ||     5
  Use: Scroll            |       |     3 |    13 |     4 ||    20
       Potion            |       |     1 |       |    14 ||    15
 Stab: Sleeping          |     2 |    10 |     3 |     1 ||    16
       Confused          |       |       |       |     3 ||     3
Armor: Robe              |     6 |     7 |    13 |    25 ||    51
       Leather armour    |       |    49 |    98 |       ||   147
       Steam dragon scal |       |       |       |    46 ||    46
Dodge: Dodged            |    66 |   116 |   202 |   249 ||   633
Block: Buckler           |       |       |    20 |    79 ||    99

Table legend: (Time is in decaauts)
 A = Elapsed time spent in this place.
 B = Non-inter-level travel time spent in this place.
 C = Inter-level travel time spent in this place.
 D = Time resting spent in this place.
 E = Time spent auto-exploring this place.
 F = Levels seen in this place.
 G = Mean time per level.
                   A        B        C        D        E       F      G
               +--------+--------+--------+--------+--------+-----+--------+
         Total |  18596 |  18023 |    573 |   6026 |   8740 |  13 | 1430.5 |
       Dungeon |  16270 |  15697 |    573 |   5339 |   7799 |  11 | 1479.1 |
         Sewer |    842 |    842 |      0 |      0 |    595 |   1 |  842.0 |
       Ossuary |   1482 |   1482 |      0 |    687 |    346 |   1 | 1482.0 |
               +--------+--------+--------+--------+--------+-----+--------+

Top non-repeatable levels by time:
     D:8: 2204 daAuts
     D:6: 2197 daAuts
     D:4: 1932 daAuts
     D:3: 1820 daAuts
     D:2: 1771 daAuts
     D:7: 1611 daAuts
 Ossuary: 1482 daAuts
     D:9: 1474 daAuts
    D:10: 1198 daAuts
     D:1: 979 daAuts
   Sewer: 842 daAuts
     D:5: 676 daAuts
    D:11: 404 daAuts
